 Dungeon Crawl Stone Soup version 0.26.1 (webtiles) character file.

Game seed: 7726569339165534619

69 oldmanjim the Chopper (level 4, -2/41 HPs)
             Began as a Hill Orc Monk on Feb 6, 2021.
             Slain by an ice beast (9 damage)
             ... on level 3 of the Dungeon.
             The game lasted 00:07:16 (2937 turns).

oldmanjim the Chopper (Hill Orc Monk)               Turns: 2937, Time: 00:07:16

Health: -2/41      AC:  6    Str: 14    XL:     4   Next: 20%
Magic:  4/4        EV: 10    Int: 10    God:
Gold:   120        SH:  0    Dex: 13    Spells: 3/3 levels left

rFire    . . .     SeeInvis .   a - +0 hand axe
rCold    . . .     Faith    .   (no shield)
rNeg     . . .     Spirit   .   q - +0 scale mail
rPois    .         Reflect  .   (no helmet)
rElec    .         Harm     .   (no cloak)
rCorr    .         Rampage  .   (no gloves)
Will     .....                  (no boots)
Stlth    ..........             (no amulet)
HPRegen  0.13/turn              (no ring)
MPRegen  0.09/turn              (no ring)

@: no status effects
A: no striking features
a: no special abilities


You were on level 3 of the Dungeon.
You visited 1 branch of the dungeon, and saw 3 of its levels.

You collected 120 gold pieces.

Inventory:

Hand Weapons
 a - a +0 hand axe (weapon)
 p - a +0 war axe
Missiles
 e - 93 stones
 f - 52 sling bullets
 g - 7 javelins (quivered)
Armour
 b - a +0 robe
 m - +0 gold dragon scales
 q - a +0 scale mail (worn)
Jewellery
 l - a +6 ring of dexterity {unknown}
 t - an uncursed ring of ice {unknown}
Scrolls
 d - 5 scrolls of identify {unknown}
 h - a scroll of fog {unknown}
 r - a scroll of magic mapping {unknown}
 u - a scroll of remove curse {unknown}
Potions
 c - a potion of flight {unknown}
 i - 2 potions of attraction {unknown}
 j - 2 potions of heal wounds {unknown}
 k - 4 potions of curing {unknown}
 n - a potion of brilliance {unknown}
 o - a potion of mutation {unknown}
 s - a potion of cancellation {unknown}


   Skills:
 + Level 4.6 Fighting
 + Level 4.9 Axes
 + Level 2.1 Armour
 - Level 2.4 Dodging
 - Level 1.5 Stealth


You had 3 spell levels left.
You didn't know any spells.
Your spell library was empty.

Dungeon Overview and Level Annotations

Branches:
Dungeon (3/15)

Altars:
Xom

Annotations:
D:2 1 runed translucent door, exclusion: door, Crazy Yiuf, Sigmund


Message History

The ice beast barely misses you.
You hit the ice beast.
The ice beast is moderately wounded.
The ice beast hits you but does no damage.
You hit the ice beast.
The ice beast is moderately wounded.
The ice beast hits you but does no damage.
You hit the ice beast.
The ice beast is moderately wounded.
The ice beast hits you but does no damage.
You barely miss the ice beast.
The ice beast is moderately wounded.
The ice beast hits you. The ice beast freezes you.
* * * LOW HITPOINT WARNING * * *
You hit the ice beast.
The ice beast is heavily wounded.
The ice beast hits you.
* * * LOW HITPOINT WARNING * * *
The ice beast freezes you!
You die...

#### #.....# .....
#.# ..!.#####.#
#...##..#######
#....†......######
#...##...<#.......
≈≈≈...))#######.r#
# .≈)...### ##Y#
....## #@### ...
#######.>.# ..
..........# #
###########


You could see an ice beast and a quokka.

Vanquished Creatures
  An adder (D:2)
  An ooze (D:2)
  2 worms (D:2)
  A dart slug (D:2)
  A leopard gecko (D:2)
  3 orcs (D:3)
  4 giant cockroaches
  3 hobgoblins
  A quokka (D:2)
  A ball python (D:2)
  6 bats
  5 frilled lizards
  6 goblins
  6 kobolds
  4 rats
45 creatures vanquished.

Notes
Turn   | Place    | Note
-------+----------+-------------------------------------------
     0 | D:1      | oldmanjim the Hill Orc Monk began the quest for the Orb.
     0 | D:1      | Reached XP level 1. HP: 19/19 MP: 1/1
   428 | D:1      | Reached XP level 2. HP: 27/27 MP: 2/2
   882 | D:1      | Reached skill level 1 in Armour
  1299 | D:2      | Reached XP level 3. HP: 29/33 MP: 3/3
  2363 | D:2      | Found a runed translucent door.
  2364 | D:2      | Noticed Crazy Yiuf
  2499 | D:2      | Reached XP level 4. HP: 41/41 MP: 4/4
  2566 | D:2      | Found a shimmering altar of Xom.
  2656 | D:3      | Noticed Sigmund
  2911 | D:3      | Noticed an ice beast
  2937 | D:3      | Slain by an ice beast

Illustrated notes

Levels and vault maps discovered:
D:1:      kennysheep_arrival_forest, layout_loops_ring
D:2:      layout_basic, lemuel_coloured_pillars_altar, uniq_crazy_yiuf_cottage
D:3:      layout_rooms, ashenzari_conservatory_becter, serial_rivers,
          chequers_serial_rivers_large_a, chequers_serial_rivers_micro_c,
          chequers_serial_rivers_large_b, chequers_serial_rivers_micro_c,
          chequers_serial_rivers_marsh, chequers_serial_rivers_micro_c,
          uniq_sigmund

Skill      XL: |  1  2  3 |
---------------+----------+-----
Fighting       | 4 |  4.6
Armour         | 1 2 |  2.1
Axes           | |  4.9
Dodging        | |  2.4
Stealth        | |  1.5

Action                   |  1- 3 |  4- 6 || total
-------------------------+-------+-------++-------
Melee: Hand axe          |   140 |    38 ||   178
Throw: Javelin           |     3 |       ||     3
 Stab: Sleeping          |     2 |       ||     2
Armor: Robe              |    10 |       ||    10
       Scale mail        |    21 |    22 ||    43
Dodge: Dodged            |    91 |    20 ||   111
